 Dungeon Crawl Stone Soup version 0.31-a0-968-g24f9ace8b5 (webtiles) character file.

Game seed: 11059506161021543603

219 peacegoldenking the Cleaver (level 5, -3/41 HPs)
             Began as a Gnoll Wanderer on Oct 27, 2023.
             Was an Initiate of Cheibriados.
             Slain by a gnoll bouda
             ... wielding a +0 club
              (7 damage)
             ... in the Ecumenical Temple.
             The game lasted 00:02:55 (3644 turns).

peacegoldenking the Cleaver (Gnoll Wanderer)        Turns: 3644, Time: 00:02:56

Health: -3/41      AC:  9    Str: 20    XL:     5   Next: 96%
Magic:  7/7        EV:  7    Int: 13    God:    Cheibriados [......]
Gold:   138        SH: 11    Dex: 11    Spells: 7/7 levels left

rFire   x . .        a - +2 hand axe
rCold   . . .        u - +0 tower shield
rNeg    . . .        n - +0 scale mail
rPois   .            c - +0 helmet
rElec   +            w - +0 cloak
rCorr   .            (no gloves)
SInv    .            (no boots)
Will    .....        s - amulet of Dogma {Faith rElec rF- Str+5}
Stlth   +            (no ring)
HPRegen 0.26/turn    (no ring)
MPRegen 0.10/turn

%: faith
@: brilliant, weakened, very slow
A: fangs 1, strong nose, distributed training
a: Renounce Religion


You were in the Ecumenical Temple.
You worshipped Cheibriados.
Cheibriados was noncommittal.
You visited 2 branches of the dungeon, and saw 6 of its levels.

You collected 138 gold pieces.

Inventory:

Hand Weapons
 a - a +2 hand axe (weapon)
Armour
 c - a +0 helmet (worn)
 n - a +0 scale mail (worn)
 u - a +0 tower shield (worn)
 w - a +0 cloak (worn)
 A - a +0 chain mail
Jewellery
 s - the amulet of Dogma (around neck) {Faith rElec rF- Str+5}
   (You found it on level 2 of the Dungeon)

   [amulet of faith]

   Faith:     It allows you to gain divine favour quickly.
   Str+5:     It affects your strength (+5).
   rF-:       It makes you vulnerable to fire.
   rElec:     It insulates you from electricity.
 y - a +6 ring of intelligence
Wands
 p - a wand of paralysis (10)
Scrolls
 d - a scroll of fear
 f - a scroll of blinking {unknown}
 g - 3 scrolls of immolation {unknown}
 h - 2 scrolls of brand weapon {unknown}
 j - 3 scrolls of identify {unknown}
 m - a scroll of enchant weapon {unknown}
 o - 2 scrolls of noise {unknown}
 q - 3 scrolls of teleportation {unknown}
 v - a scroll of revelation {unknown}
 x - a scroll of amnesia {unknown}
Potions
 b - a potion of might {unknown}
 e - a potion of mutation {unknown}
 i - a potion of brilliance
 k - 2 potions of enlightenment {unknown}
 l - 2 potions of ambrosia {unknown}
 r - 2 potions of lignification {unknown}
 t - a potion of heal wounds {unknown}
 z - 2 potions of curing {unknown}
 B - a potion of haste {unknown}
 C - a potion of berserk rage {unknown}


   Skills:
 + Level 3.1 Fighting
 + Level 1.7 Short Blades
 + Level 3.1 Long Blades
 + Level 8.7 Axes
 + Level 1.7 Maces & Flails
 + Level 1.7 Polearms
 + Level 1.7 Staves
 + Level 1.7 Ranged Weapons
 + Level 1.7 Throwing
 + Level 3.1 Armour
 + Level 3.1 Dodging
 + Level 4.5 Stealth
 + Level 1.7 Shields
 + Level 1.7 Unarmed Combat
 + Level 1.7 Spellcasting
 + Level 1.3 Conjurations
 + Level 1.3 Hexes
 + Level 1.3 Summonings
 + Level 1.3 Necromancy
 + Level 1.3 Translocations
 + Level 1.3 Transmutations
 + Level 1.3 Fire Magic
 + Level 1.3 Ice Magic
 + Level 1.3 Air Magic
 + Level 1.3 Earth Magic
 + Level 1.3 Poison Magic
 + Level 2.0 Invocations
 + Level 1.7 Evocations
 + Level 1.5 Shapeshifting


You had 7 spell levels left.
You didn't know any spells.
Your spell library contained the following spells:

 Spells                   Type           Power      Damage    Failure   Level
 Ensorcelled Hibernation  Hex/Ice        14%        N/A       99%         2
 Passwall                 Tmut/Erth      5%         N/A       99%         2
 Swiftness                Air            7%         N/A       100%        3


Dungeon Overview and Level Annotations

Branches:
Dungeon (5/15)             Temple (1/1) D:4

Altars:
Cheibriados
Elyvilon
Gozag
Kikubaaqudgha
Okawaru
Qazlal
Ru
Sif Muna
Uskayaw
Xom
Yredelemnul
Zin
The Shining One

Annotations:
D:5 Blork the orc


Innate Abilities, Weirdness & Mutations

You have very sharp teeth.
Your uncanny sense of smell can sniff out nearby items.
Your experience applies equally to all skills.


Message History

You hit the gnoll but do no damage. You block the gnoll's attack.
The gnoll bouda hits you but does no damage.
You hit the gnoll bouda but do no damage.
The gnoll bouda is moderately wounded.
You hit the gnoll. You block the gnoll's attack.
The gnoll bouda hits you with a +0 club.
* * * LOW HITPOINT WARNING * * *
The gnoll barely misses you.
You barely miss the gnoll. You bite the gnoll, but do no damage.
The gnoll is moderately wounded.
You hit the gnoll bouda but do no damage.
The gnoll is no longer moving quickly.
You block the gnoll bouda's attack. The gnoll hits you but does no damage.
Unknown command.
You completely miss the gnoll bouda.
The gnoll bouda is moderately wounded.
You hit the gnoll.
The gnoll bouda barks out a call to the hunt!
The gnoll picks up the pace!
You block the gnoll's attack.
The gnoll bouda hits you but does no damage.
You hit the gnoll bouda.
The gnoll bouda is heavily wounded.
You closely miss the gnoll. You block the gnoll's attack.
The gnoll bouda hits you with a +0 club!
* * * LOW HITPOINT WARNING * * *
Unknown command.
You hit the gnoll bouda but do no damage.
The gnoll bouda is heavily wounded.
You hit the gnoll but do no damage. The gnoll barely misses you.
The gnoll bouda hits you with a +0 club.
* * * LOW HITPOINT WARNING * * *
Unknown command.
It was a potion of brilliance.
You feel clever all of a sudden. The gnoll barely misses you.
The gnoll bouda gazes fiercely through you!
You feel as though you will be weak longer.
The gnoll bouda hits you with a +0 club!
You die...

....._.....≈≈≈.._..≈≈≈....._.....
..........≈≈≈....................
≈≈≈≈≈≈...≈≈≈......≈≈≈≈≈≈≈≈≈≈≈≈≈≈≈
...≈≈...≈≈≈.....≈≈≈≈≈≈≈≈≈.....≈≈≈
≈..≈...≈≈≈≈....≈≈≈≈≈.............
≈≈......≈≈≈....≈................≈
≈≈≈......≈≈≈........≈≈≈≈≈≈......≈
.≈≈≈≈......≈≈≈.g.......≈≈≈≈≈≈....
..≈≈≈≈≈≈.......g@........≈≈≈≈≈≈..
....≈≈≈≈≈≈.........≈≈≈......≈≈≈≈.
≈......≈≈≈≈≈≈........≈≈≈......≈≈≈
≈................≈....≈≈≈......≈≈
.............≈≈≈≈≈....≈≈≈≈...≈..≈
≈≈≈.._..≈≈≈≈≈≈≈≈≈.....≈≈≈...≈≈._.
≈≈≈≈≈≈≈≈≈≈≈≈≈≈≈......≈≈≈...≈≈≈≈≈≈
....................≈≈≈..........
....._.....≈≈≈.....≈≈≈....._.....


You could see a gnoll bouda and a gnoll (swift).

Vanquished Creatures
  A hound (D:3)
  Ijyb (D:4)
  8 adders
  A worm (D:2)
  2 dart slugs (D:1)
  An orc (D:3)
  7 bats
  7 endoplasms
  6 giant cockroaches
  12 goblins
  4 hobgoblins
  7 jackals
  9 kobolds
  2 quokkas
  A ball python (D:1)
  6 frilled lizards
  6 rats
81 creatures vanquished.

Notes
Turn   | Place    | Note
-------+----------+-------------------------------------------
     0 | D:1      | peacegoldenking the Gnoll Wanderer began the quest for the
                  | Orb.
     0 | D:1      | peacegoldenking set off with the following items: a +2 hand
                  | axe, a +0 falchion, a +0 helmet, a scroll of fear, a +0
                  | leather armour.
     0 | D:1      | Reached XP level 1. HP: 17/17 MP: 1/1
   229 | D:1      | Reached XP level 2. HP: 17/23 MP: 2/2
   448 | D:1      | Reached XP level 3. HP: 26/28 MP: 3/3
   834 | D:2      | Reached skill level 1 in Invocations
   957 | D:2      | Identified the amulet of Dogma {Faith rElec rF- Str+5}
  1109 | D:2      | Reached skill level 1 in Short Blades
  1109 | D:2      | Reached skill level 1 in Maces & Flails
  1109 | D:2      | Reached skill level 1 in Polearms
  1109 | D:2      | Reached skill level 1 in Staves
  1109 | D:2      | Reached skill level 1 in Ranged Weapons
  1109 | D:2      | Reached skill level 1 in Throwing
  1109 | D:2      | Reached skill level 1 in Shields
  1109 | D:2      | Reached skill level 1 in Unarmed Combat
  1109 | D:2      | Reached skill level 1 in Spellcasting
  1109 | D:2      | Reached skill level 1 in Evocations
  1385 | D:2      | Reached skill level 1 in Shapeshifting
  1385 | D:2      | Reached XP level 4. HP: 34/34 MP: 5/5
  1772 | D:2      | Reached skill level 1 in Conjurations
  1772 | D:2      | Reached skill level 1 in Hexes
  1772 | D:2      | Reached skill level 1 in Summonings
  1772 | D:2      | Reached skill level 1 in Necromancy
  1772 | D:2      | Reached skill level 1 in Translocations
  1772 | D:2      | Reached skill level 1 in Transmutations
  1772 | D:2      | Reached skill level 1 in Fire Magic
  1772 | D:2      | Reached skill level 1 in Ice Magic
  1772 | D:2      | Reached skill level 1 in Air Magic
  1772 | D:2      | Reached skill level 1 in Earth Magic
  1772 | D:2      | Reached skill level 1 in Poison Magic
  1894 | D:3      | Found a shimmering altar of Xom.
  1965 | D:3      | Reached XP level 5. HP: 29/40 MP: 6/6
  2330 | D:3      | You fall into a shaft and drop 2 floors!
  2330 | D:5      | Entered Level 5 of the Dungeon
  2421 | D:5      | Noticed Blork the orc
  3515 | D:4      | Found a staircase to the Ecumenical Temple.
  3524 | Temple   | Entered the Ecumenical Temple
  3542 | Temple   | Became a worshipper of Cheibriados the Contemplative
  3570 | D:4      | Noticed Ijyb
  3581 | D:4      | Killed Ijyb
  3644 | Temple   | Slain by a gnoll bouda

Illustrated notes

Levels and vault maps discovered:
D:1:      lightli_arrival_flooded_house, layout_basic, minmay_unequal
D:2:      kennysheep_six_static_rooms, layout_loops_corners
D:3:      layout_basic, old_standard_altar
D:4:      layout_cave_pools, grunt_temple_overflow_octagram,
          minmay_temple_entry_mini_moons, uniq_eustachio,
          uniq_crazy_yiuf_cottage, uniq_ijyb
D:5:      layout_basic, uniq_blork_the_orc
Temple:   hc_temple_tempest_star

Skill      XL: |  1  2  3  4  5 |
---------------+----------------+-----
Invocations    | 1 2 |  2.0
Short Blades   | 1 |  1.7
Maces & Flails | 1 |  1.7
Polearms       | 1 |  1.7
Staves         | 1 |  1.7
Ranged Weapons | 1 |  1.7
Throwing       | 1 |  1.7
Shields        | 1 |  1.7
Unarmed Combat | 1 |  1.7
Spellcasting   | 1 |  1.7
Evocations     | 1 |  1.7
Shapeshifting  | 1 |  1.5
Conjurations   | 1 |  1.3
Hexes          | 1 |  1.3
Summonings     | 1 |  1.3
Necromancy     | 1 |  1.3
Translocations | 1 |  1.3
Transmutations | 1 |  1.3
Fire Magic     | 1 |  1.3
Ice Magic      | 1 |  1.3
Air Magic      | 1 |  1.3
Earth Magic    | 1 |  1.3
Poison Magic   | 1 |  1.3
Fighting       | 3 |  3.1
Long Blades    | 3 |  3.1
Armour         | 3 |  3.1
Dodging        | 3 |  3.1
Axes           | |  8.7
Stealth        | |  4.5

Action                     |  1- 3 |  4- 6 || total
---------------------------+-------+-------++-------
  Melee: Hand axe          |   101 |   119 ||   220
         Bite              |     7 |    13 ||    20
         Punch             |     1 |       ||     1
    Use: Potion            |       |     1 ||     1
   Stab: Sleeping          |     6 |     2 ||     8
 Armour: Leather armour    |    27 |       ||    27
         Scale mail        |    26 |    99 ||   125
  Dodge: Dodged            |    40 |    34 ||    74
  Block: Tower shield      |       |    85 ||    85

Table legend: (Time is in decaauts)
 A = Elapsed time spent in this place.
 B = Non-inter-level travel time spent in this place.
 C = Inter-level travel time spent in this place.
 D = Time resting spent in this place.
 E = Time spent auto-exploring this place.
 F = Levels seen in this place.
 G = Mean time per level.
                   A        B        C        D        E       F      G
               +--------+--------+--------+--------+--------+-----+--------+
         Total |   3668 |   3522 |    146 |      0 |   2877 |   6 |  611.3 |
       Dungeon |   3613 |   3504 |    109 |      0 |   2877 |   5 |  722.6 |
        Temple |     54 |     17 |     37 |      0 |      0 |   1 |   54.0 |
               +--------+--------+--------+--------+--------+-----+--------+

Top non-repeatable levels by time:
     D:2: 1839 daAuts
     D:1: 818 daAuts
     D:3: 738 daAuts
     D:4: 121 daAuts
     D:5: 96 daAuts
  Temple: 54 daAuts
